 Dungeon Crawl Stone Soup version 0.23.1 (webtiles) character file.

Game seed: 1929704164595209782

646 nuthulu the Chopper (level 7, 0/58 HPs)
             Began as a Hill Orc Fighter on Mar 6, 2019.
             Slain by an iguana (6 damage)
             ... on level 5 of the Dungeon.
             The game lasted 00:08:12 (4737 turns).

nuthulu the Chopper (Hill Orc Fighter)              Turns: 4737, Time: 00:08:12

Health: 0/58       AC:  5    Str: 21    XL:     7   Next: 52%
Magic:  7/7        EV: 11    Int:  8    God:
Gold:   238        SH:  0    Dex: 10    Spells: 6/6 levels left

rFire    . . .     SeeInvis .   a - +1 war axe
rCold    . . .     Gourm    .   c - +0 shield
rNeg     . . .     Faith    .   o - +0 chain mail
rPois    .         Spirit   .   (no helmet)
rElec    .         Reflect  .   (no cloak)
rCorr    .         Harm     .   (no gloves)
MR       .....                  (no boots)
Stlth    ..........             (no amulet)
HPRegen  0.19/turn              g - +5 ring of evasion
MPRegen  0.10/turn              (no ring)

@: confused
A: hooves 1, deformed body
a: no special abilities


You were on level 5 of the Dungeon.
You were hungry.

You visited 1 branch of the dungeon, and saw 5 of its levels.

You collected 238 gold pieces.

Inventory:

Hand Weapons
 a - a +1 war axe (weapon)
Armour
 b - a +0 scale mail
 c - a +0 shield (worn)
 o - a +0 chain mail (worn)
Jewellery
 d - an uncursed amulet of faith
 g - a +5 ring of evasion (left hand)
Wands
 k - a wand of flame (16)
Scrolls
 e - 4 scrolls of teleportation
 j - a scroll of identify
 l - a scroll of fear
 m - a scroll of amnesia
 n - 2 scrolls of random uselessness
 p - a scroll of remove curse
Potions
 i - a potion of berserk rage
Comestibles
 f - 9 rations
 h - a chunk of flesh


   Skills:
 - Level 3.8 Fighting
 + Level 7.6 Axes
 - Level 3.4 Armour
 + Level 6.9 Shields


You had 6 spell levels left.
You didn't know any spells.
Your spell library was empty.

Dungeon Overview and Level Annotations

Branches:
Dungeon (5/15)
 Temple: D:4-7

Altars:

Shops:
D:5 (


Innate Abilities, Weirdness & Mutations

You have large cloven feet.
Armour fits poorly on your strangely shaped body.


Message History

You bump into the rock wall.
The orc wizard hits you with a +0 dagger.
You bump into the rock wall.
The orc wizard hits you but does no damage.
You closely miss the orc wizard. You kick the orc wizard.
You kill the orc wizard!
You bump into the rock wall.
The iguana bites you!
* * * LOW HITPOINT WARNING * * *
The iguana barely misses you.
You bump into the rock wall.
The iguana closely misses you.
You bump into the rock wall.
The iguana bites you.
* * * LOW HITPOINT WARNING * * *
You bump into the rock wall.
The iguana bites you but does no damage.
You bump into the rock wall.
The iguana bites you.
* * * LOW HITPOINT WARNING * * *
You closely miss the iguana. Your kick misses the iguana. The iguana bites you!
* * * LOW HITPOINT WARNING * * *
The iguana bites you.
You die...

#. #.. . ...#...
#.##.####### #.# ...# ..
#.##.#.#... ...# ...#
#.##.##.#.#.##..... ...#
#..#.##.#..O)......
...####.#.##...#l##.....
.. ...#...##.∩.#@)+ ...
.#.##.##..##.###### .
.#.....)..)).....#
.####.###.##.###.#
...=..###..#.#
.###.......#.#
...#..###....# .#.##.#
###..# ....... .>#


You could see an ogre and an iguana.

Vanquished Creatures
  Purgy (D:4)
  A hound (D:4)
  2 orc priests (D:3)
  5 orc wizards
  2 iguanas (D:4)
  3 worker ants (D:4)
  7 gnolls (D:4)
  An adder (D:2)
  A shadow imp (D:5)
  2 oozes
  A worm (D:2)
  2 dart slugs (D:3)
  3 leopard geckos
  16 orcs
  6 bats
  3 giant cockroaches
  9 goblins
  11 hobgoblins
  4 jackals (D:3)
  6 kobolds
  2 quokkas
  A ball python (D:1)
  6 frilled lizards
  8 rats
103 creatures vanquished.

Notes
Turn   | Place    | Note
-------+----------+-------------------------------------------
     0 | D:1      | nuthulu the Hill Orc Fighter began the quest for the Orb.
     0 | D:1      | Reached XP level 1. HP: 19/19 MP: 1/1
    40 | D:1      | Reached skill level 3 in Axes
    40 | D:1      | Reached XP level 2. HP: 27/27 MP: 2/2
   311 | D:1      | Reached XP level 3. HP: 33/33 MP: 3/3
   876 | D:2      | Reached skill level 4 in Axes
  1218 | D:2      | Reached XP level 4. HP: 38/40 MP: 4/4
  1991 | D:3      | Reached XP level 5. HP: 11/46 MP: 5/5
  2358 | D:3      | Reached skill level 5 in Axes
  2367 | D:3      | Reached skill level 5 in Shields
  2387 | D:3      | Reached XP level 6. HP: 5/52 MP: 6/6
  2904 | D:4      | Reached skill level 6 in Axes
  2949 | D:4      | Noticed Purgy
  2974 | D:4      | Killed Purgy
  3320 | D:4      | Reached XP level 7. HP: 10/58 MP: 7/7
  3321 | D:4      | Reached skill level 7 in Axes
  3330 | D:4      | Gained mutation: Armour fits poorly on your strangely
                  | shaped body. [potion of mutation]
  3330 | D:4      | Gained mutation: You have large cloven feet. [potion of
                  | mutation]
  3346 | D:4      | HP: 2/58 [poisoned by a worker ant]
  4607 | D:5      | Entered Level 5 of the Dungeon
  4637 | D:5      | Found Vituutih's Antique Weapon Boutique.
  4737 | D:5      | Slain by an iguana

Skill      XL: |  1  2  3  4  5  6  7 |
---------------+----------------------+-----
Axes           | 3 4 5 6 7 |  7.6
Shields        | 4 5 6 |  6.9
Fighting       | |  3.8
Armour         | |  3.4

Action                   |  1- 3 |  4- 6 |  7- 9 || total
-------------------------+-------+-------+-------++-------
Melee: War axe           |   135 |   153 |    70 ||   358
       Kick              |       |       |    15 ||    15
  Use: Scroll            |     3 |     3 |     6 ||    12
       Potion            |       |     2 |     2 ||     4
  Eat: Chunk             |     1 |     7 |     4 ||    12
Armor: Scale mail        |    63 |    14 |       ||    77
       Chain mail        |       |    59 |    26 ||    85
Dodge: Dodged            |    55 |    70 |    24 ||   149
Block: Shield            |    74 |   115 |    21 ||   210
